 Dungeon Crawl Stone Soup version 0.20-a0-823-gdec668e (webtiles) character file.

158 kidcy the Chopper (level 5, -5/41 HPs)
             Began as a Demonspawn Monk on Mar 6, 2017.
             Was a Follower of Ru.
             Killed from afar by Sigmund (7 damage)
             ... with a magic dart
             ... on level 3 of the Dungeon.
             The game lasted 00:05:17 (3530 turns).

kidcy the Chopper (Demonspawn Monk)                 Turns: 3530, Time: 00:05:18

Health: -5/41      AC: 10    Str: 17    XL:     5   Next: 16%
Magic:  5/5        EV:  8    Int: 11    God:    Ru [*.....]
Gold:   159        SH:  0    Dex: 16    Spells: 4/4 levels left

rFire    + . .     SeeInvis .   a - +0 hand axe
rCold    . . .     Gourm    .   f - +0 chain mail
rNeg     + . .     Faith    .   (no shield)
rPois    .         Spirit   .   (helmet restricted)
rElec    .         Reflect  .   (no cloak)
rCorr    .         Harm     .   b - +0 pair of gloves
MR       .....                  (no boots)
Stlth    ..........             (no amulet)
Regen    0.2/turn               (no ring)
MPRegen  0.1/turn               i - ring of positive energy

@: mighty, very slightly contaminated, hasted, very quick
A: antennae 2, fire resistance 1, hated by all
a: Renounce Religion


You were on level 3 of the Dungeon.
You worshipped Ru.
Ru was aware of your devotion.
You were hungry.

You visited 1 branch of the dungeon, and saw 3 of its levels.

You collected 159 gold pieces.

Inventory:

Hand Weapons
 a - a +0 hand axe (weapon)
Armour
 b - a +0 pair of gloves (worn)
 f - a +0 chain mail (worn)
Jewellery
 i - a ring of positive energy (left hand)
Scrolls
 d - a scroll of immolation
 e - 3 scrolls of teleportation {unknown}
 l - a scroll of remove curse
 m - a scroll of enchant armour {unknown}
Potions
 n - a potion of agility {unknown}
 o - a potion of curing {unknown}
Comestibles
 c - 2 bread rations
 g - a meat ration
 k - 4 fruits


   Skills:
 + Level 3.6 Fighting
 * Level 4.1 Axes
 + Level 2.5 Armour
 - Level 2.6 Dodging
 - Level 1.7 Stealth


You had 4 spell levels left.
You didn't know any spells.

Dungeon Overview and Level Annotations

Branches:
Dungeon (3/15)

Altars:
Kikubaaqudgha
Okawaru
Ru

Annotations:
D:3 Sigmund


Innate Abilities, Weirdness & Mutations

You have a pair of antennae on your head.
Your flesh is heat resistant. (rF+)
You are hated by all.


Message History

You hit something but do no damage. Something hits you.
* * * LOW HITPOINT WARNING * * *
You slash something!
You hear some strange, mumbled words.
A puff of flame appears from out of thin air!
The puff of flame hits you! You resist.
* * * LOW HITPOINT WARNING * * *
It was a potion of haste.
You feel yourself speed up.
You hear some strange, mumbled words.
A puff of flame appears from out of thin air!
The puff of flame hits you!
You are very lightly contaminated with residual magic.
You feel very mighty all of a sudden. Something hits you but does no damage.
You closely miss something. You hit something.
You hear some strange, mumbled words.
A magic dart appears from out of thin air!
The magic dart hits you!
You die...

##................(..#
#..........#.......#
##.#...###.##.....##
#......##.###...##
#.#..<###.# ##'##
#.........####.#
#####.#####.†..# #.#
#.##.## #.. .. #.@.#
### ##.....{.#
#......## ##......
#.....## #.....#
####.## #.# ### ..#


There were no monsters in sight!

Vanquished Creatures
  6 adders
  An ooze (D:1)
  6 worms
  3 dart slugs
  5 leopard geckos
  4 orcs
  4 giant cockroaches
  6 goblins
  8 hobgoblins
  2 quokkas
  2 ball pythons (D:3)
  6 bats
  6 frilled lizards
  7 kobolds
  7 rats
73 creatures vanquished.

Notes
Turn   | Place    | Note
-------+----------+-------------------------------------------
     0 | D:1      | kidcy the Demonspawn Monk began the quest for the Orb.
     0 | D:1      | Reached XP level 1. HP: 18/18 MP: 1/1
   274 | D:1      | Reached skill level 1 in Armour
   288 | D:1      | Gained mutation: Your flesh is heat resistant. (rF+) [demonic ancestry]
   288 | D:1      | Reached XP level 2. HP: 23/24 MP: 2/2
   356 | D:1      | Reached skill level 3 in Axes
   943 | D:1      | Gained mutation: You have a pair of small antennae on your head. [demonic ancestry]
   943 | D:1      | Reached XP level 3. HP: 27/29 MP: 3/3
  1546 | D:2      | Gained mutation: You have a pair of antennae on your head. [demonic ancestry]
  1546 | D:2      | Reached XP level 4. HP: 9/35 MP: 4/4
  2120 | D:2      | Found an ancient bone altar of Kikubaaqudgha.
  2314 | D:2      | Found an iron altar of Okawaru.
  2314 | D:2      | Found a sacrificial altar of Ru.
  2323 | D:2      | Became a worshipper of Ru the Awakened
  2335 | D:2      | Gained mutation: You are hated by all. [Ru sacrifice]
  2335 | D:2      | Reached * piety under Ru
  2641 | D:3      | Noticed Sigmund
  2837 | D:3      | Found a sacrificial altar of Ru.
  2886 | D:3      | Reached skill level 4 in Axes
  2924 | D:3      | Reached XP level 5. HP: 39/41 MP: 5/5
  3526 | D:3      | HP: 1/41 [something/puff of flame (3)]
  3530 | D:3      | Killed from afar by Sigmund

Vault maps used:
D:1:      dpeg_arrival_rhombi
D:2:      kiku_gazebo_pond_becter, gammafunk_temple_overflow_wave, first_bread
D:3:      lemuel_crystal_altar, nicolae_ru_sacrificial_ziggurat,
          uniq_crazy_yiuf_cottage, uniq_sigmund

Skill      XL: |  1  2  3  4 |
---------------+-------------+-----
Armour         | 1 2 |  2.5
Axes           | 3 4 |  4.1
Fighting       | |  3.6
Dodging        | |  2.6
Stealth        | |  1.7

Action                   |  1- 3 |  4- 6 || total
-------------------------+-------+-------++-------
Melee: Hand axe          |   184 |   207 ||   391
Invok: Sacrifice Love    |       |     1 ||     1
  Use: Scroll            |     5 |       ||     5
       Potion            |     1 |     2 ||     3
  Eat: Chunk             |     2 |     2 ||     4
       Bread ration      |       |     1 ||     1
Armor: Chain mail        |   123 |   111 ||   234
Dodge: Dodged            |    56 |    63 ||   119
